 Dungeon Crawl Stone Soup version 0.31-a0-8-gd14b0f4ee2 (webtiles) character file.

Game seed: 3969118672593225320

7 Kuronicle the Trooper (level 1, 0/15 (19) HPs)
             Began as a Draconian Berserker on May 6, 2023.
             Was a Follower of Trog.
             Slain by a kobold
             ... wielding a +0 short sword
              (4 damage)
             ... on level 2 of the Dungeon.
             The game lasted 00:01:08 (278 turns).

Kuronicle the Trooper (Draconian Berserker)          Turns: 278, Time: 00:01:09

HP:   0/15 (19)     AC:  4    Str: 19    XL:     1   Next: 91%
MP:   1/1           EV: 12    Int:  7    God:    Trog [*.....]
Gold: 0             SH:  0    Dex: 10    Spells: 0/0 levels left

rFire   . .          .
                       - Unarmed
rCold   . . .        (no shield)
rNeg    . . .        (body armour unavailable)
rPois   .            (helmet restricted)
rElec   .            (no cloak)
rCorr   .            (no gloves)
SInv    .            (no boots)
Will    .....        (no amulet)
Stlth   +            (no ring)
HPRegen 0.22/turn    (no ring)
MPRegen 0.07/turn

%: no passive effects
@: heavily drained
A: AC +4, unfitting armour, cold-blooded
a: Renounce Religion, Berserk


You were on level 2 of the Dungeon.
You worshipped Trog.
Trog was aware of your devotion.
You visited 1 branch of the dungeon, and saw 2 of its levels.

Inventory:

Hand Weapons
 b - a +1 heavy hand axe
 d - a +2 short sword of draining
Scrolls
 c - a scroll of identify {unknown}
Potions
 a - a potion of brilliance {unknown}


   Skills:
 - Level 3.2 Fighting
 + Level 3.0 Dodging
 * Level 0.9 Stealth
 - Level 3.0 Unarmed Combat


You couldn't memorise any spells.
You didn't know any spells.
Your spell library contained the following spells:

 Spells                   Type           Power      Damage    Failure   Level
 Summon Small Mammal      Summ           0%         N/A       43%         1
 Ignite Poison            Fire/Tmut/Pois 0%         N/A       80%         3
 Summon Cactus Giant      Summ           0%         N/A       100%        6
 Monstrous Menagerie      Summ           0%         N/A       100%        7


Dungeon Overview and Level Annotations

Branches:
Dungeon (1/15)

Altars:


Innate Abilities, Weirdness & Mutations

Your plain brown scales are hard. (AC +4)
You cannot fit into any form of body armour.
You are cold-blooded and may be slowed by cold attacks.


Message History

You hit the kobold.
The kobold is severely wounded.
The kobold closely misses you.
You closely miss the kobold.
The kobold is severely wounded.
A goblin comes into view. It is wielding a +0 dagger.
The kobold closely misses you.
You barely miss the kobold. You tail-slap the kobold.
You kill the kobold!
Trog accepts your kill.
Your Dodging skill increases to level 3!
Things that are here:
a +2 short sword of draining; a kobold corpse Unknown command.
d - a +2 short sword of draining A goblin is nearby!
You barely miss the goblin. You tail-slap the goblin.
The goblin is severely wounded.
The goblin hits you with a +0 dagger.
You hit the goblin.
You kill the goblin!
Trog accepts your kill.
A bat comes into view.
The bat moves out of view.
Things that are here:
a +0 dagger; a goblin corpse A kobold comes into view.
It is wielding a +0 short sword.
A kobold is nearby!
The kobold shouts!
The kobold barely misses you.
You barely miss the kobold.
The kobold hits you with a +0 short sword.
You closely miss the kobold.
Your tail-slap misses the kobold.
The bat completely misses you. The kobold completely misses you.
You barely miss the kobold. The bat hits you but does no damage.
The kobold hits you with a +0 short sword.
You hit the kobold but do no damage. The bat hits you.
* * * LOW HITPOINT WARNING * * *
The kobold hits you with a +0 short sword.
You die...

..... .# ..... .#
.... ##.# ... #..
#.####.#
#...##.#########
#K......#.....##
#@b..).........##
##...............#
###....>...........#
#........†.........#
#.##..........)....#
#. #...............#
. #...............#
. #..............##
#.#.....#.....##


You could see a bat and a kobold.

Vanquished Creatures
  2 endoplasms
  2 goblins
  3 kobolds
  A rat (D:1)
8 creatures vanquished.

Notes
Turn   | Place    | Note
-------+----------+-------------------------------------------
     0 | D:1      | Kuronicle the Draconian Berserker began the quest for the
                  | Orb.
     0 | D:1      | Reached XP level 1. HP: 19/19 MP: 1/1
   221 | D:1      | You fall into a shaft and drop 1 floor!
   240 | D:2      | Got the Octavo of Poisonous Beckoning
   278 | D:2      | Slain by a kobold

Illustrated notes

Levels and vault maps discovered:
D:1:      amcnicky_arrival_double_pillar, layout_loops_ring,
          nicolae_hexahallways
D:2:      minmay_razor_zed, layout_rooms,
          dreamdust_ecumenical_altar_sealed_demon, serial_park_tiny_1

Skill      XL: |  1 |
---------------+----+-----
Dodging        | 3 |  3.0
Fighting       | |  3.2
Stealth        | |  0.9
Unarmed Combat | |  3.0

Action                     || total
---------------------------++-------
  Melee: Unarmed           ||    31
         Tailslap          ||     5
         Punch             ||     1
 Armour: Skin              ||     7
  Dodge: Dodged            ||    15

Table legend: (Time is in decaauts)
 A = Elapsed time spent in this place.
 B = Non-inter-level travel time spent in this place.
 C = Inter-level travel time spent in this place.
 D = Time resting spent in this place.
 E = Time spent auto-exploring this place.
 F = Levels seen in this place.
 G = Mean time per level.
                   A        B        C        D        E       F      G
               +--------+--------+--------+--------+--------+-----+--------+
         Total |    276 |    276 |      0 |      0 |    160 |   2 |  138.0 |
       Dungeon |    276 |    276 |      0 |      0 |    160 |   2 |  138.0 |
               +--------+--------+--------+--------+--------+-----+--------+

Top non-repeatable levels by time:
     D:1: 220 daAuts
     D:2: 55 daAuts
